 Dungeon Crawl Stone Soup version 0.29-a0-284-gf9362112df (webtiles) character file.

Game seed: 754748930292614153

1872 epen the Archer (level 9, -1/69 HPs)
             Began as a Gnoll Hunter on Mar 14, 2022.
             Was a Follower of Dithmenos.
             Killed from afar by an electric eel (6 damage)
             ... with a bolt of electricity
             ... on level 7 of the Dungeon.
             The game lasted 00:06:27 (5240 turns).

epen the Archer (Gnoll Hunter)                      Turns: 5240, Time: 00:06:28

Health: -1/69      AC: 11    Str: 12    XL:     9   Next: 14%
Magic:  14/14      EV: 14    Int:  8    God:    Dithmenos [*.....]
Gold:   268        SH:  0    Dex: 19    Spells: 15/15 levels left

rFire   . . .      SeeInvis .   a - +2 shortbow
rCold   . . .      Faith    .   (shield currently unavailable)
rNeg    . . .      Spirit   .   p - +0 ring mail
rPois   +          Reflect  .   y - +2 helmet
rElec   .          Harm     .   (no cloak)
rCorr   .          Rampage  .   (no gloves)
Will    .....                   v - +1 pair of boots
Stlth   +++.......              (no amulet)
HPRegen 0.21/turn               f - +4 ring of slaying
MPRegen 0.14/turn               m - ring of poison resistance

@: wreathed by umbra
A: fangs 1, strong nose, distributed training
a: Renounce Religion


You were on level 7 of the Dungeon.
You worshipped Dithmenos.
Dithmenos was aware of your devotion.
You visited 2 branches of the dungeon, and saw 8 of its levels.

You collected 268 gold pieces.

Inventory:

Hand Weapons
 a - a +2 shortbow (weapon)
 s - a +5 dagger
Armour
 b - a +0 leather armour
 p - a +0 ring mail (worn)
 v - a +1 pair of boots (worn)
 y - a +2 helmet (worn)
Jewellery
 f - a +4 ring of slaying (left hand)
 i - a ring of wizardry
 m - a ring of poison resistance (right hand)
 n - a ring of positive energy
 t - a ring of resist corrosion
 u - a ring of see invisible
 x - a ring of fire
 z - a ring of magical power
Wands
 o - a wand of flame (4)
 r - a wand of digging (6)
Scrolls
 c - 3 scrolls of immolation
 d - 3 scrolls of identify
 e - a scroll of vulnerability
Potions
 g - 5 potions of curing
 h - 4 potions of might
 j - 2 potions of mutation
 k - 2 potions of haste
 l - a potion of berserk rage {unknown}
 q - 2 potions of degeneration
 w - a potion of lignification {unknown}
 A - 2 potions of heal wounds {unknown}


   Skills:
 + Level 6.1 Fighting
 + Level 3.9 Short Blades
 + Level 3.9 Long Blades
 + Level 3.9 Axes
 + Level 3.9 Maces & Flails
 + Level 3.9 Polearms
 + Level 3.9 Staves
 + Level 3.9 Slings
 + Level 9.4 Bows
 + Level 3.9 Crossbows
 + Level 3.9 Throwing
 + Level 3.9 Armour
 + Level 6.1 Dodging
 + Level 4.6 Stealth
 + Level 3.9 Shields
 + Level 3.9 Unarmed Combat
 + Level 3.9 Spellcasting
 + Level 3.2 Conjurations
 + Level 3.2 Hexes
 + Level 3.2 Summonings
 + Level 3.2 Necromancy
 + Level 3.2 Translocations
 + Level 3.2 Transmutations
 + Level 3.2 Fire Magic
 + Level 3.2 Ice Magic
 + Level 3.2 Air Magic
 + Level 3.2 Earth Magic
 + Level 3.2 Poison Magic
 + Level 4.3 Invocations
 + Level 3.9 Evocations


You had 15 spell levels left.
You didn't know any spells.
Your spell library contained the following spells:

 Spells                   Type           Power      Damage    Failure   Level
 Slow                     Hex            24%        N/A       16%         1
 Blink                    Tloc           12%        N/A       24%         2
 Corpse Rot               Necr/Air       12%        N/A       24%         2
 Poisonous Vapours        Pois/Air       12%        N/A       24%         2
 Confusing Touch          Hex            6%         N/A       43%         3
 Frozen Ramparts          Ice            12%        1d3       43%         3
 Vampiric Draining        Necr           6%         2d6       43%         3
 Ice Form                 Ice/Tmut       6%         N/A       85%         4
 Summon Ice Beast         Ice/Summ       6%         N/A       85%         4
 Manifold Assault         Tloc           6%         N/A       99%         5
 Storm Form               Tmut/Air       3%         N/A       100%        7


Dungeon Overview and Level Annotations

Branches:
Dungeon (7/15)             Temple (1/1) D:4

Altars:
Ashenzari
Dithmenos
Elyvilon
Fedhas
Gozag
Hepliaklqana
Kikubaaqudgha
Makhleb
Nemelex Xobeh
Qazlal
Ru
Sif Muna
Trog
Uskayaw
Vehumet
Xom
Yredelemnul
The Shining One


Innate Abilities, Weirdness & Mutations

You have very sharp teeth.
Your uncanny sense of smell can sniff out nearby items.
Your experience applies equally to all skills.


Message History

You shoot an arrow. The arrow hits the plant!
The plant is lightly damaged.
The electric eel shoots out a bolt of lightning at you!
The bolt of electricity hits the plant!
The bolt of electricity hits you!
Your line of fire to the electric eel is blocked by a plant.
Continue anyway? [Y]es or [N]o only, please.
Your line of fire to the electric eel is blocked by a plant.
Continue anyway?
You shoot an arrow. The arrow hits the plant!
The plant is moderately damaged.
A nearby plant withers and dies.
An electric eel comes into view.
Unknown command.
You shoot an arrow.
The arrow closely misses the electric eel.
The electric eel shoots out a bolt of lightning at you!
The bolt of electricity hits you!
The electric eel shoots out a bolt of lightning at you!
The bolt of electricity hits you.
You shoot an arrow. The arrow hits the electric eel.
The electric eel is severely wounded.
You shoot an arrow.
The arrow completely misses the electric eel.
The electric eel shoots out a bolt of lightning at you!
The bolt of electricity hits you!
The electric eel shoots out a bolt of lightning at you!
The bolt of electricity hits you!
The electric eel shoots out a bolt of lightning at you!
The bolt of electricity hits you.
* * * LOW HITPOINT WARNING * * *
The bolt of electricity hits you!
* * * LOW HITPOINT WARNING * * *
An electric eel comes into view.
The electric eel shoots out a bolt of lightning at you!
The bolt of electricity hits you.
* * * LOW HITPOINT WARNING * * *
The bolt of electricity misses you.
The electric eel shoots out a bolt of lightning at you!
The bolt of electricity hits the electric eel.
The electric eel completely resists.
The bolt of electricity hits you.
You die...

### ######## ##.##
#......#
#...###.####.######
#.......# #.)@...#
#...#####
####.≈...)# ##..#
#.≈≈.)..# #...##
≈SP.≈..... ##....##
≈≈≈≈S≈≈....
##...)..###
##≈≈≈≈PP≈≈..
#.........#
##≈≈≈≈P≈≈≈.
#......)..#
..≈PS≈≈≈≈≈.
#......)..# ...


You could see 3 electric eels.

Vanquished Creatures
  A shadow (D:6)
  A black bear (D:5)
  An ogre (D:5)
  A phantom (D:6)
  A bullfrog (D:7)
  A necrophage (D:6)
  4 scorpions
  7 wights (D:7)
  A gnoll shaman (D:5)
  3 orc priests
  2 hounds
  2 jellies
  4 iguanas
  Natasha (thrice) (D:3)
  4 orc wizards
  Robin (D:3)
  5 gnolls (D:5)
  7 adders
  A white imp (D:5)
  2 worms
  13 orcs
  11 ball pythons
  5 endoplasms
  A giant cockroach (D:1)
  10 goblins
  8 hobgoblins
  2 jackals (D:3)
  4 kobolds
  5 quokkas
  5 bats
  A frilled lizard (D:1)
  6 rats
123 creatures vanquished.

Vanquished Creatures (others)
  A plant (D:7)
1 creature vanquished.

Grand Total: 124 creatures vanquished

Notes
Turn   | Place    | Note
-------+----------+-------------------------------------------
     0 | D:1      | epen the Gnoll Hunter began the quest for the Orb.
     0 | D:1      | Reached XP level 1. HP: 20/20 MP: 1/1
    70 | D:1      | Found a faded altar of an unknown god.
    86 | D:1      | Reached XP level 2. HP: 26/26 MP: 2/2
   399 | D:2      | Reached XP level 3. HP: 31/31 MP: 3/3
   564 | D:2      | Reached skill level 1 in Invocations
  1011 | D:3      | Reached skill level 1 in Short Blades
  1011 | D:3      | Reached skill level 1 in Long Blades
  1011 | D:3      | Reached skill level 1 in Axes
  1011 | D:3      | Reached skill level 1 in Maces & Flails
  1011 | D:3      | Reached skill level 1 in Polearms
  1011 | D:3      | Reached skill level 1 in Staves
  1011 | D:3      | Reached skill level 1 in Slings
  1011 | D:3      | Reached skill level 1 in Crossbows
  1011 | D:3      | Reached skill level 1 in Throwing
  1011 | D:3      | Reached skill level 1 in Armour
  1011 | D:3      | Reached skill level 1 in Shields
  1011 | D:3      | Reached skill level 1 in Unarmed Combat
  1011 | D:3      | Reached skill level 1 in Spellcasting
  1011 | D:3      | Reached skill level 1 in Evocations
  1084 | D:3      | Reached XP level 4. HP: 26/38 MP: 5/5
  1197 | D:3      | Reached skill level 1 in Conjurations
  1197 | D:3      | Reached skill level 1 in Hexes
  1197 | D:3      | Reached skill level 1 in Summonings
  1197 | D:3      | Reached skill level 1 in Necromancy
  1197 | D:3      | Reached skill level 1 in Translocations
  1197 | D:3      | Reached skill level 1 in Transmutations
  1197 | D:3      | Reached skill level 1 in Fire Magic
  1197 | D:3      | Reached skill level 1 in Ice Magic
  1197 | D:3      | Reached skill level 1 in Air Magic
  1197 | D:3      | Reached skill level 1 in Earth Magic
  1197 | D:3      | Reached skill level 1 in Poison Magic
  1207 | D:3      | Noticed Natasha
  1210 | D:3      | Noticed Robin
  1211 | D:3      | Killed Natasha
  1212 | D:3      | Reached XP level 5. HP: 43/43 MP: 6/6
  1217 | D:3      | Killed Robin
  1366 | D:3      | Noticed Natasha
  1371 | D:3      | Killed Natasha
  1386 | D:3      | Noticed Natasha
  1387 | D:3      | Killed Natasha
  1475 | D:3      | Reached XP level 6. HP: 50/50 MP: 8/8
  1536 | D:3      | Reached skill level 5 in Fighting
  1536 | D:3      | Reached skill level 5 in Dodging
  2149 | D:4      | Found a staircase to the Ecumenical Temple.
  2188 | Temple   | Entered the Ecumenical Temple
  2476 | Temple   | Became a worshipper of Dithmenos the Shadowed
  3264 | D:5      | Entered Level 5 of the Dungeon
  3303 | D:5      | Reached XP level 7. HP: 35/56 MP: 10/10
  3549 | D:5      | Reached skill level 9 in Bows
  3809 | D:5      | Reached XP level 8. HP: 55/63 MP: 12/12
  3823 | D:5      | Reached * piety under Dithmenos
  5004 | D:6      | Noticed a shadow
  5017 | D:6      | Killed a shadow
  5174 | D:7      | Reached XP level 9. HP: 68/69 MP: 14/14
  5240 | D:7      | Killed from afar by an electric eel

Illustrated notes

Levels and vault maps discovered:
D:1:      minmay_arrival_cross, layout_rooms, shapermc_ecumenical_altar_gd
D:2:      cheibrodos_old_hovel, layout_basic, hex_large
D:3:      minmay_evil_eye, layout_loops_ring, st_stairs_8, chequers_garden,
          minmay_circle_x, uniq_robin, uniq_natasha
D:4:      layout_gridville, minmay_temple_entry_grid, nicolae_figureground_pulse
D:5:      black_bear_nest_1, layout_basic
D:6:      layout_loops_corners, serial_glass, glass_columns_a, glass_columns_b,
          roderic_lattice_a
D:7:      layout_cave_pools, mainiacjoe_overflow_boulevard,
          gammafunk_temple_overflow_pools, serial_shops,
          nicolae_shop_window_shopping, hex_medium, chequers_big_river
Temple:   dpeg_five_rooms_temple

Skill      XL: |  1  2  3  4  5  6  7  8 |
---------------+-------------------------+-----
Invocations    | 1 2 3 4 |  4.3
Short Blades   | 1 2 3 |  3.9
Long Blades    | 1 2 3 |  3.9
Axes           | 1 2 3 |  3.9
Maces & Flails | 1 2 3 |  3.9
Polearms       | 1 2 3 |  3.9
Staves         | 1 2 3 |  3.9
Slings         | 1 2 3 |  3.9
Crossbows      | 1 2 3 |  3.9
Throwing       | 1 2 3 |  3.9
Armour         | 1 2 3 |  3.9
Shields        | 1 2 3 |  3.9
Unarmed Combat | 1 2 3 |  3.9
Spellcasting   | 1 2 3 |  3.9
Evocations     | 1 2 3 |  3.9
Conjurations   | 1 2 3 |  3.2
Hexes          | 1 2 3 |  3.2
Summonings     | 1 2 3 |  3.2
Necromancy     | 1 2 3 |  3.2
Translocations | 1 2 3 |  3.2
Transmutations | 1 2 3 |  3.2
Fire Magic     | 1 2 3 |  3.2
Ice Magic      | 1 2 3 |  3.2
Air Magic      | 1 2 3 |  3.2
Earth Magic    | 1 2 3 |  3.2
Poison Magic   | 1 2 3 |  3.2
Stealth        | 3 4 |  4.6
Fighting       | 5 6 |  6.1
Dodging        | 5 6 |  6.1
Bows           | 9 |  9.4

Action                   |  1- 3 |  4- 6 |  7- 9 || total
-------------------------+-------+-------+-------++-------
 Fire: Shortbow          |    67 |   143 |   169 ||   379
  Use: Scroll            |     1 |       |    10 ||    11
Armor: Leather armour    |     1 |       |       ||     1
       Ring mail         |       |    10 |    24 ||    34
Dodge: Dodged            |     9 |    38 |    42 ||    89

Table legend: (Time is in decaauts)
 A = Elapsed time spent in this place.
 B = Non-inter-level travel time spent in this place.
 C = Inter-level travel time spent in this place.
 D = Time resting spent in this place.
 E = Time spent auto-exploring this place.
 F = Levels seen in this place.
 G = Mean time per level.
                   A        B        C        D        E       F      G
               +--------+--------+--------+--------+--------+-----+--------+
         Total |   5298 |   5091 |    207 |    107 |   4191 |   8 |  662.2 |
       Dungeon |   4960 |   4831 |    129 |    107 |   3944 |   7 |  708.6 |
        Temple |    338 |    260 |     78 |      0 |    247 |   1 |  338.0 |
               +--------+--------+--------+--------+--------+-----+--------+

Top non-repeatable levels by time:
     D:3: 1048 daAuts
     D:6: 1000 daAuts
     D:4: 919 daAuts
     D:5: 908 daAuts
     D:2: 593 daAuts
     D:1: 393 daAuts
  Temple: 338 daAuts
     D:7: 97 daAuts
